Map: King Sejong Station LE

Players

Fropez - Winner!

  • Race: Protoss Protoss
  • League: Gold
  • Spawn Location: 5:00

Marc

  • Race: Terran Terran
  • League: Gold
  • Spawn Location: 11:00

VOD

Have the link to the VOD?

Description

Time

  • Played on: Oct. 7, 2016, 4:40 p.m.
  • Length: 5:23
Show
View Real Time Build Order
Export as new Build Order

Fropez Protoss - Winner!

Build Orders:  

Get SALT Encoding   

  12  0:01  Probe (Chrono Boost)  
  13  0:11  Probe (Chrono Boost)  
  14  0:27  Pylon  
  14  0:34  Probe (Chrono Boost)  
  15  0:39  Assimilator  
  15  0:45  Probe (Chrono Boost)  
  16  1:01  Gateway  
  16  1:07  Probe (Chrono Boost)  
  16  1:18  Probe (Chrono Boost)  
  17  1:27  Nexus  
  17  1:29  Probe (Chrono Boost)  
  18  1:39  Probe (Chrono Boost)  
  19  1:50  Pylon, Probe (Chrono Boost)  
  20  1:58  Assimilator  
  20  2:00  Probe (Chrono Boost)  
  21  2:11  Gateway  
  21  2:17  Cybernetics Core  
  21  2:22  Probe (Chrono Boost)  
  22  2:33  Probe (Chrono Boost)  
  23  2:37  Pylon  
  23  2:40  Probe (Chrono Boost)  
  23  2:43  Probe (Chrono Boost)  
  25  2:53  Warp Gate (Chrono Boost)  
  25  2:54  Mothership Core (Chrono Boost)  
  25  2:58  Pylon  
  27  3:08  Probe  
  27  3:09  Twilight Council  
  28  3:13  Probe  
  29  3:20  Probe  
  29  3:23  Probe  
  31  3:32  Probe  
  30  3:34  Probe  
  30  3:40  Adept  
  34  3:41  Adept  
  34  3:44  Resonating Glaives (Chrono Boost), Probe  
  34  3:47  Probe  
  36  3:55  Pylon  
  36  4:00  Probe  
  37  4:04  Probe  
  37  4:07  Adept  
  37  4:09  Adept  
  42  4:18  Probe  
  42  4:19  Gateway  
  42  4:20  Pylon  
  42  4:21  Probe  
  44  4:31  Probe  
  41  4:54  Stalker  
  41  4:56  Gateway, Stalker  
  46  5:20  Stalker  
  46  5:21  Stalker  
Show
View Real Time Build Order
Export as new Build Order

Marc Terran 

Build Orders:  

Get SALT Encoding   

  12  0:12  Supply Depot  
  12  0:19  Refinery  
  12  0:37  Barracks  
  12  0:41  SCV  
  13  0:53  SCV  
  14  1:05  SCV  
  15  1:25  Orbital Command  
  15  1:33  Barracks Reactor  
  15  1:52  Factory  
  15  1:53  Refinery  
  15  1:55  SCV  
  16  2:07  SCV  
  17  2:11  Reaper  
  18  2:17  Reaper  
  18  2:20  SCV  
  20  2:25  Supply Depot  
  20  2:28  Engineering Bay  
  20  2:32  SCV  
  20  2:37  Factory Tech Lab  
  21  2:57  Marine  
  22  3:00  Siege Tank  
  25  3:08  SCV  
  25  3:10  Supply Depot  
  26  3:14  Barracks  
  26  3:32  Siege Tank  
  27  4:03  Marine x2  
  27  4:06  Barracks Tech Lab  
  29  4:20  Marine  
  29  4:21  Marine  
  31  4:28  SCV, Starport  
  32  4:34  Supply Depot  
  31  4:38  Marine x2  
  31  4:40  SCV  
  33  4:56  Marine x2  
Tags
 
Add a new tag
Caveats
  • Supply blocks, unpowered buildings, or Contaminate may cause inaccurate times.
  • Supply counts are checked every 10 seconds.